cohdb
Replays
Latest Replays
All Replays
Popular Replays
Top Player Replays
Match Explorer
How It Works
Community
CoH3 Stats
Reddit
Sign in to upload your games and track your stats! →
Sign in with Steam
Match 41014244
Unlisted
Match 41014244
Overview
Messages
Build Orders
End
Scout Squad
Scout Squad
Selects Airborne Battlegroup
Selects Pathfinders
Construct Weapon Support Center
M1919 Machine Gun Team
Construct Medical Station
Selects Paratrooper Squad Paradrop
Paratrooper Squad Paradrop
Mechanized Support Center
Paratrooper Squad Paradrop
Construct Motor Pool
M3 75 mm Gun Motor Carriage
M16 Multiple Gun Motor Carriage
Paratrooper Squad Paradrop
Engineer Squad
Construct Tank Depot
M1919 Machine Gun Team
M4A1 Sherman Medium Tank
M1 Anti-tank Gun Team
M4A1 Sherman Medium Tank
Forward Retreat Point
Selects Recon Loiter
Selects Paradrop Reinforcements
Selects Carpet Bombing Run
M4A1 Sherman Medium Tank
M18 Hellcat Tank Destroyer
Bran
DrewP
Ghost-link1
Wombatmann
0
0
Comments
sign in to comment!
No comments posted yet!